General information
- name: BNet
- type: Ladder team game (AT/RT)
- host: Battle.net
- saver: GreatGoblin
map: Battleground
- players: 8
- length: 36:12
- speed: Fast
- version: 1.26 W3XP
- replay type: Public
» download(181 KB)
Players
team 1 (winner)
MASTA_K1LLA (
blue | 57 APM | 1976 actions | 34:47)
7 Tauren Chieftain
3 Endurance Aura
3 War Stomp
1 Reincarnation
2 Archmage
1 Brilliance Aura
1 Summon Water Elemental
» actions
| Basic commands | 468 | |
| Build / train | 68 | |
| Enter build submenu | 17 | |
| Enter hero's abilities submenu | 9 | |
| Give item / drop item | 4 | |
| Right click | 809 | |
| Select / deselect | 532 | |
| Use ability | 69 | |
1976 total
» units
| Peon | 20 | |
| Troll Headhunter/Berserker | 13 | |
| Demolisher | 1 | |
| Flying Machine | 7 | |
41 total
» upgrades
| Ranged Weapons | 3 | |
| Armor | 3 | |
| Troll Regeneration | 1 | |
| Berserker Upgrade | 1 | |
| Burning Oil | 1 | |
9 total
» buildings
| Orc Burrow | 6 | |
| Altar of Storms | 1 | |
| War Mill | 2 | |
| Barracks | 3 | |
| Voodoo Lounge | 1 | |
| Watch Tower | 1 | |
| Stronghold | 1 | |
| Fortress | 1 | |
| Great Hall | 2 | |
18 total
» build order
00:15 Orc Burrow
00:27 Altar of Storms
01:05 War Mill
01:14 Barracks
02:21 Orc Burrow
02:55 Voodoo Lounge
03:10 Barracks
03:40 Watch Tower
04:34 Orc Burrow
05:14 Stronghold
07:11 Orc Burrow
07:53 Fortress
10:51 War Mill
12:14 Barracks
18:11 Great Hall
21:24 Orc Burrow
23:32 Great Hall
26:42 Orc Burrow
» items
| Healing Salve | 2 | |
| Lesser Clarity Potion | 2 | |
| Orb of Lightning | 1 | |
| Staff of Teleportation | 1 | |
6 total
ThatKidFrom.CLE (
orange | 56 APM | 724 actions | 12:49)
1 Archmage
1 Summon Water Elemental
» actions
| Assign group hotkey | 14 | |
| Build / train | 61 | |
| Enter build submenu | 15 | |
| Enter hero's abilities submenu | 1 | |
| Right click | 336 | |
| Select / deselect | 130 | |
| Select group hotkey | 116 | |
| Use ability | 51 | |
724 total
» units
| Peasant | 12 | |
| Mortar Team | 17 | |
| Sorceress | 6 | |
35 total
» upgrades
| Gunpowder | 2 | |
| Sorceress Training | 1 | |
| Armor | 1 | |
4 total
» buildings
| Farm | 7 | |
| Altar of Kings | 1 | |
| Keep | 5 | |
| Blacksmith | 1 | |
| Scout Tower | 1 | |
| Arcane Tower | 2 | |
| Workshop | 1 | |
| Arcane Sanctum | 1 | |
| Castle | 3 | |
| Arcane Vault | 1 | |
23 total
» build order
00:55 Farm
01:17 Altar of Kings
01:34 Keep
01:34 Keep
01:34 Keep
01:34 Keep
01:42 Farm
02:10 Blacksmith
02:38 Farm
03:32 Farm
03:37 Farm
04:06 Scout Tower
04:41 Arcane Tower
04:42 Arcane Tower
05:20 Workshop
05:24 Arcane Sanctum
07:03 Farm
09:31 Farm
10:33 Castle
10:34 Castle
11:22 Arcane Vault
» items

»
mass-peons (
red | 39 APM | 1418 actions | 36:11)
8 Mountain King
3 Storm Bolt
3 Bash
1 Avatar
1 Thunder Clap
» actions
| Basic commands | 84 | |
| Build / train | 73 | |
| Enter build submenu | 55 | |
| Enter hero's abilities submenu | 8 | |
| Give item / drop item | 2 | |
| Right click | 689 | |
| Select / deselect | 415 | |
| Use ability | 92 | |
1418 total
» units
| Peasant | 17 | |
| Rifleman | 6 | |
| Dragonhawk Rider | 6 | |
| Gryphon Rider | 7 | |
36 total
» upgrades
| Masonry | 2 | |
| Lumber Harvesting | 2 | |
| Cloud | 1 | |
| Swords | 2 | |
| Armor | 1 | |
| Storm Hammers | 1 | |
9 total
» buildings
| Lumber Mill | 3 | |
| Farm | 13 | |
| Altar of Kings | 1 | |
| Barracks | 1 | |
| Blacksmith | 1 | |
| Scout Tower | 18 | |
| Guard Tower | 10 | |
| Arcane Vault | 1 | |
| Keep | 1 | |
| Town Hall | 2 | |
| Castle | 1 | |
| Gryphon Aviary | 2 | |
54 total
» build order
00:37 Lumber Mill
00:54 Farm
00:58 Altar of Kings
01:30 Farm
01:38 Barracks
01:55 Blacksmith
02:43 Farm
02:55 Scout Tower
03:26 Farm
03:29 Guard Tower
04:05 Scout Tower
04:32 Scout Tower
04:36 Scout Tower
04:38 Guard Tower
05:03 Scout Tower
05:05 Farm
05:07 Guard Tower
05:28 Arcane Vault
05:37 Scout Tower
05:44 Guard Tower
05:46 Farm
05:56 Keep
06:12 Guard Tower
06:16 Scout Tower
06:47 Guard Tower
07:02 Farm
07:53 Farm
08:02 Town Hall
08:06 Town Hall
08:13 Scout Tower
08:15 Scout Tower
08:18 Scout Tower
08:21 Scout Tower
08:23 Scout Tower
08:43 Castle
08:45 Farm
09:18 Gryphon Aviary
09:21 Gryphon Aviary
09:24 Guard Tower
09:26 Scout Tower
09:28 Scout Tower
09:36 Scout Tower
09:37 Scout Tower
10:05 Farm
10:15 Guard Tower
10:47 Guard Tower
12:29 Scout Tower
12:30 Scout Tower
13:41 Guard Tower
15:24 Farm
15:30 Lumber Mill
16:39 Farm
19:36 Farm
30:19 Lumber Mill
» items
| Scroll of Town Portal | 3 | |
| Scroll of Healing | 1 | |
| Dust of Appearance | 1 | |
5 total
GreatGoblin (
pink | 45 APM | 1613 actions | 36:12)
10 Blademaster
3 Wind Walk
3 Critical Strike
1 Bladestorm
3 Mirror Image
» actions
| Assign group hotkey | 24 | |
| Basic commands | 46 | |
| Build / train | 57 | |
| Enter build submenu | 36 | |
| Enter hero's abilities submenu | 13 | |
| Give item / drop item | 4 | |
| Remove unit from queue | 3 | |
| Right click | 949 | |
| Select / deselect | 205 | |
| Select group hotkey | 114 | |
| Use ability | 162 | |
1613 total
» units
| Peon | 21 | |
| Grunt | 5 | |
| Troll Batrider | 5 | |
31 total
» upgrades
| Reinforced Defenses | 1 | |
| Ranged Weapons | 2 | |
| Armor | 1 | |
| Spiked Barricades | 1 | |
| Liquid Fire | 1 | |
| Troll Regeneration | 1 | |
7 total
» buildings
| Orc Burrow | 4 | |
| Altar of Storms | 1 | |
| Barracks | 1 | |
| Voodoo Lounge | 1 | |
| Stronghold | 1 | |
| War Mill | 3 | |
| Beastiary | 2 | |
| Watch Tower | 22 | |
| Great Hall | 1 | |
| Fortress | 1 | |
37 total
» build order
00:15 Orc Burrow
00:54 Altar of Storms
01:05 Orc Burrow
01:07 Barracks
01:55 Voodoo Lounge
03:17 Stronghold
04:27 War Mill
05:11 Orc Burrow
06:10 Beastiary
06:13 Beastiary
06:16 Orc Burrow
06:19 Watch Tower
08:34 Great Hall
08:36 Watch Tower
08:36 Watch Tower
08:36 Watch Tower
08:37 Watch Tower
09:22 Fortress
09:28 Watch Tower
09:29 Watch Tower
09:32 Watch Tower
09:34 Watch Tower
09:56 War Mill
12:57 War Mill
14:44 Watch Tower
14:44 Watch Tower
14:44 Watch Tower
14:45 Watch Tower
14:45 Watch Tower
14:46 Watch Tower
14:48 Watch Tower
15:04 Watch Tower
15:04 Watch Tower
15:05 Watch Tower
15:05 Watch Tower
15:11 Watch Tower
15:12 Watch Tower
» items
| Healing Salve | 3 | |
| Potion of Healing | 1 | |
| Lesser Clarity Potion | 1 | |
| Potion of Mana | 1 | |
6 total
team 2 (loser)
beercraft (
purple | 30 APM | 736 actions | 24:43)
2 Keeper of the Grove
1 Force of Nature
1 Thorns Aura
» actions
| Assign group hotkey | 17 | |
| Basic commands | 5 | |
| Build / train | 71 | |
| Enter build submenu | 16 | |
| Enter hero's abilities submenu | 2 | |
| Right click | 174 | |
| Select / deselect | 245 | |
| Select group hotkey | 152 | |
| Use ability | 54 | |
736 total
» units
| Wisp | 17 | |
| Archer | 6 | |
| Druid of the Talon | 9 | |
| Druid of the Claw | 21 | |
53 total
» upgrades
| Druid of the Talon Training | 1 | |
| Reinforced Hides | 2 | |
| Druid of the Claw Training | 2 | |
| Improved Bows | 1 | |
| Strength of the Wild | 1 | |
| Mark of the Claw | 1 | |
| Nature's Blessing | 1 | |
9 total
» buildings
| Ancient of War | 1 | |
| Moon Well | 6 | |
| Altar of Elders | 1 | |
| Hunter's Hall | 1 | |
| Ancient Protector | 4 | |
| Tree of Ages | 1 | |
| Tree of Eternity | 1 | |
| Ancient of Wind | 1 | |
| Ancient of Wonders | 1 | |
| Ancient of Lore | 3 | |
20 total
» build order
00:31 Ancient of War
00:43 Moon Well
01:01 Altar of Elders
01:41 Moon Well
02:38 Hunter's Hall
03:46 Ancient Protector
03:48 Ancient Protector
03:52 Ancient Protector
04:12 Ancient Protector
04:45 Tree of Ages
05:22 Moon Well
07:18 Tree of Eternity
07:22 Ancient of Wind
07:27 Moon Well
07:29 Moon Well
07:31 Moon Well
07:37 Ancient of Wonders
09:01 Ancient of Lore
09:06 Ancient of Lore
09:22 Ancient of Lore
» items
| Scroll of Town Portal | 2 | |
| Potion of Healing | 1 | |
| Scroll of Speed | 1 | |
4 total
scoty_d (
yellow | 22 APM | 502 actions | 22:36)
5 Blademaster
3 Wind Walk
2 Critical Strike
» actions
| Basic commands | 10 | |
| Build / train | 45 | |
| Enter build submenu | 22 | |
| Enter hero's abilities submenu | 5 | |
| Give item / drop item | 5 | |
| Remove unit from queue | 1 | |
| Right click | 161 | |
| Select / deselect | 193 | |
| Use ability | 60 | |
502 total
» units
» upgrades
| Armor | 1 | |
| Ranged Weapons | 1 | |
| Shaman Training | 1 | |
| Witch Doctor Training | 1 | |
4 total
» buildings
| Orc Burrow | 6 | |
| Altar of Storms | 1 | |
| Barracks | 1 | |
| Voodoo Lounge | 1 | |
| War Mill | 2 | |
| Stronghold | 2 | |
| Watch Tower | 5 | |
| Fortress | 2 | |
| Beastiary | 1 | |
| Spirit Lodge | 2 | |
| Great Hall | 1 | |
24 total
» build order
00:05 Orc Burrow
00:09 Altar of Storms
00:59 Barracks
01:33 Orc Burrow
01:44 Voodoo Lounge
03:34 War Mill
04:09 War Mill
04:12 Stronghold
04:18 Orc Burrow
04:48 Orc Burrow
06:05 Watch Tower
06:09 Watch Tower
06:13 Watch Tower
06:35 Fortress
06:57 Beastiary
08:01 Watch Tower
08:18 Spirit Lodge
09:29 Spirit Lodge
09:44 Orc Burrow
11:11 Great Hall
14:37 Stronghold
15:44 Watch Tower
16:59 Fortress
19:10 Orc Burrow
» items
| Healing Salve | 2 | |
| Lesser Clarity Potion | 1 | |
| Orb of Lightning | 1 | |
| Potion of Healing | 1 | |
5 total
PAC-MAN (
green | 46 APM | 837 actions | 18:07)
3 Mountain King
2 Storm Bolt
1 Bash
3 Paladin
2 Holy Light
1 Divine Shield
» actions
| Assign group hotkey | 7 | |
| Basic commands | 57 | |
| Build / train | 46 | |
| Enter build submenu | 24 | |
| Enter hero's abilities submenu | 6 | |
| Right click | 314 | |
| Select / deselect | 307 | |
| Select group hotkey | 15 | |
| Use ability | 61 | |
837 total
» units
| Peasant | 8 | |
| Footman | 2 | |
| Dragonhawk Rider | 8 | |
| Gryphon Rider | 2 | |
20 total
» upgrades
| Masonry | 1 | |
| Defend | 1 | |
| Lumber Harvesting | 1 | |
| Animal War Training | 1 | |
| Armor | 2 | |
| Swords | 1 | |
| Cloud | 1 | |
| Storm Hammers | 1 | |
9 total
» buildings
| Lumber Mill | 2 | |
| Scout Tower | 3 | |
| Farm | 10 | |
| Arcane Tower | 1 | |
| Guard Tower | 2 | |
| Keep | 1 | |
| Altar of Kings | 1 | |
| Barracks | 1 | |
| Blacksmith | 1 | |
| Arcane Vault | 1 | |
| Castle | 2 | |
| Gryphon Aviary | 2 | |
| Town Hall | 1 | |
28 total
» build order
00:30 Lumber Mill
00:37 Scout Tower
00:53 Farm
01:04 Scout Tower
01:10 Arcane Tower
01:15 Farm
01:37 Guard Tower
01:46 Scout Tower
02:01 Farm
02:14 Guard Tower
02:56 Keep
03:09 Altar of Kings
03:20 Barracks
03:57 Blacksmith
04:02 Arcane Vault
05:17 Castle
05:43 Gryphon Aviary
06:18 Gryphon Aviary
06:33 Farm
06:39 Farm
07:26 Lumber Mill
07:45 Farm
08:22 Farm
09:07 Farm
10:02 Farm
10:45 Farm
13:10 Town Hall
» items
| Boots of Speed | 1 | |
| Scroll of Regeneration | 1 | |
2 total
RG3-SUX- (
teal | 47 APM | 1692 actions | 36:10)
8 Archmage
3 Summon Water Elemental
3 Brilliance Aura
1 Mass Teleport
1 Blizzard
1 Mountain King
1 Storm Bolt
» actions
| Assign group hotkey | 54 | |
| Basic commands | 8 | |
| Build / train | 72 | |
| Enter build submenu | 17 | |
| Enter hero's abilities submenu | 8 | |
| Give item / drop item | 3 | |
| Right click | 791 | |
| Select / deselect | 187 | |
| Select group hotkey | 458 | |
| Use ability | 94 | |
1692 total
» units
» upgrades
| Masonry | 3 | |
| Lumber Harvesting | 2 | |
| Storm Hammers | 1 | |
| Animal War Training | 1 | |
| Swords | 2 | |
| Cloud | 1 | |
| Armor | 2 | |
12 total
» buildings
| Altar of Kings | 1 | |
| Farm | 9 | |
| Scout Tower | 11 | |
| Keep | 1 | |
| Lumber Mill | 1 | |
| Arcane Tower | 1 | |
| Arcane Vault | 1 | |
| Guard Tower | 5 | |
| Castle | 1 | |
| Gryphon Aviary | 4 | |
| Blacksmith | 1 | |
| Barracks | 1 | |
| Town Hall | 1 | |
38 total
» build order
00:07 Altar of Kings
00:20 Farm
00:53 Scout Tower
01:17 Farm
02:13 Keep
02:17 Lumber Mill
02:30 Arcane Tower
02:34 Scout Tower
02:35 Scout Tower
02:35 Scout Tower
02:37 Scout Tower
02:59 Arcane Vault
03:24 Guard Tower
03:24 Guard Tower
04:06 Guard Tower
04:20 Farm
04:21 Farm
04:22 Farm
04:23 Farm
04:24 Farm
05:13 Castle
05:44 Gryphon Aviary
06:26 Gryphon Aviary
06:52 Blacksmith
07:01 Barracks
11:25 Scout Tower
11:25 Scout Tower
11:26 Scout Tower
11:28 Scout Tower
11:29 Scout Tower
11:59 Gryphon Aviary
12:15 Guard Tower
12:21 Guard Tower
13:18 Gryphon Aviary
13:30 Farm
23:08 Town Hall
» items
| Scroll of Regeneration | 4 | |
| Lesser Clarity Potion | 1 | |
| Staff of Teleportation | 1 | |
| Scroll of Town Portal | 3 | |
| Staff of Sanctuary | 1 | |
| Potion of Healing | 1 | |
| Boots of Speed | 1 | |
| Tome of Retraining | 1 | |
| Potion of Invisibility | 1 | |
| Potion of Mana | 2 | |
16 total
Chat log
(00:07 / All) MASTA_K1LLA: yo
(00:08 / All) GreatGoblin: NOODLES NOODLES TURKEY DINNER
(00:09 / Allies) mass-peons: hi
(00:12 / All) GreatGoblin: MASHED POTATOES
(00:14 / Allies) mass-peons: rifles
(00:14 / Allies) mass-peons: mk
(00:15 / All) RG3-SUX-: i aint no holla back girl
(00:20 / All) GreatGoblin: PUMPKIN PIE!
(00:20 / All) MASTA_K1LLA: haha
(00:25 / All) GreatGoblin: FRY THAT TURKEy, FRY THAT TURKEY!
(00:34 / All) beercraft: yummers
(00:35 / All) MASTA_K1LLA: was just watching the 49ers highlight
(00:38 / All) RG3-SUX-: i miss corn bred for thanksgiving
(00:45 / All) RG3-SUX-: 49ers are horribly boring
(00:48 / All) GreatGoblin: You gon' eat your cornbreaD?
(01:03 / All) RG3-SUX-: goes good with jelly
(01:23 / All) MASTA_K1LLA: saints fun to watch
(01:26 / All) MASTA_K1LLA: and broncos
(01:32 / All) ThatKidFrom.CLE: ......................
(01:44 / All) RG3-SUX-: peyton i guess cant play in the cold weather, accoridng to the "experts"
(01:48 / All) MASTA_K1LLA: bears were fun to watch,,,til cutler got hurt
(01:51 / All) MASTA_K1LLA: haha
(01:55 / All) MASTA_K1LLA: fuck the experts
(01:57 / All) RG3-SUX-: cutler is such a coward
(01:59 / All) ThatKidFrom.CLE: rather not talk about football
(02:03 / All) RG3-SUX-: y?
(02:07 / All) GreatGoblin: Then don't
(02:09 / All) mass-peons: \]
(02:09 / All) MASTA_K1LLA: black hawks won again
(02:12 / All) MASTA_K1LLA: !!!!!!!!
(02:12 / All) mass-peons: LOL BROWNS FAN
(02:14 / All) mass-peons: HAHAHHAHA
(02:16 / All) mass-peons: HAHAHHHAHAHAHA
(02:16 / All) MASTA_K1LLA: haha
(02:23 / All) ThatKidFrom.CLE: god
(02:25 / All) RG3-SUX-: that richardson trade made browns look good
(02:28 / Allies) mass-peons: sorry oj i like the steelers -.-
(02:28 / All) ThatKidFrom.CLE: its terrible
(02:39 / Allies) mass-peons: mad respect for browns fans sticking with thme
(02:42 / All) GreatGoblin: They dumb as hell for not trading for Toby Gerhart
(02:45 / All) ThatKidFrom.CLE: i tried explaining it to a friend
(02:53 / All) ThatKidFrom.CLE: you just cant
(02:57 / All) GreatGoblin: I said years ago they should trade Bob "Made of Glass" Sanders to Jets
(03:04 / All) MASTA_K1LLA: haha
(03:04 / All) GreatGoblin: For Woodhead and Leonhard
(03:12 / All) RG3-SUX-: woodhead is abeast right now
(03:26 / All) GreatGoblin: criminally under utilized
(03:28 / All) MASTA_K1LLA: so cardinals are good?
(03:35 / All) RG3-SUX-: naw
(03:37 / All) RG3-SUX-: palmer
(03:40 / All) GreatGoblin: colts could have got gerhart for 4th round pick I bet
(03:41 / All) PAC-MAN: the US economy is about to collapse, i dont get why u guys still watch football
(03:53 / All) MASTA_K1LLA: i dont
(04:01 / All) GreatGoblin: Vikings didn't value him
(04:02 / All) MASTA_K1LLA: i watched like 1 hour of it all season
(04:06 / All) GreatGoblin: he's had 19 carries all season
(04:21 / All) mass-peons: dont forget to bring a towel
(04:29 / All) ThatKidFrom.CLE: sigh
(04:34 / All) ThatKidFrom.CLE: brandon weeden
(04:36 / All) ThatKidFrom.CLE: this
(04:39 / All) RG3-SUX-: LOL
(04:47 / All) GreatGoblin: browns are just gonna waste their pick
(04:48 / All) ThatKidFrom.CLE: we get hoyer
(04:49 / All) mass-peons: lmao....
(04:51 / All) ThatKidFrom.CLE: acl injury
(04:56 / All) RG3-SUX-: didnt the first game of his career, weeden got trapped under the football sized american flag
(04:57 / All) GreatGoblin: they made out like bandits but tehy're gonna blow in their ill got gains
(05:02 / All) ThatKidFrom.CLE: oh the pick is definitely wasted
(05:08 / All) ThatKidFrom.CLE: LMAO
(05:11 / All) ThatKidFrom.CLE: I WAS THERE
(05:12 / All) ThatKidFrom.CLE: omg
(05:15 / All) ThatKidFrom.CLE: so funny
(05:21 / All) RG3-SUX-: did people in the staidum all notice it?
(05:28 / All) ThatKidFrom.CLE: lmao oh yeah
(05:39 / All) RG3-SUX-: were they laughing or getting pissed
(05:40 / All) ThatKidFrom.CLE: we played the eagles
(05:45 / All) ThatKidFrom.CLE: 3 mins left
(05:48 / All) ThatKidFrom.CLE: game winning drive
(05:49 / All) ThatKidFrom.CLE: I said
(05:55 / All) beercraft: im a poor little cranberry bush
(05:55 / All) ThatKidFrom.CLE: this will define his career
(05:58 / All) ThatKidFrom.CLE: result?
(05:59 / All) ThatKidFrom.CLE: pick 6
(06:01 / All) ThatKidFrom.CLE: lmao
(06:05 / All) beercraft: and ill tell u my tale if u shoosh
(06:10 / All) beercraft: i have berries so fine
(06:13 / All) beercraft: and all of them mine
(06:17 / All) MASTA_K1LLA: haha
(06:23 / All) beercraft: that were plucked from my bush with a push
(06:23 / Allies) mass-peons: help me expo?
(06:26 / All) beercraft: whoosh!
(06:28 / Allies) MASTA_K1LLA: omw
(06:39 / All) beercraft: they were jellied and tuened into mush
(06:53 / All) beercraft: like a squash when its turned into squoosh
(07:01 / All) beercraft: its a tale that is sad
(07:06 / All) beercraft: and its really too bad
(07:14 / All) beercraft: for the poor little cranberry bush
(07:39 / All) ThatKidFrom.CLE: when i watch other teams play, its like a different sport
(07:46 / Allies) GreatGoblin: lumber?
(07:59 / All) RG3-SUX-: raiders.....
(08:06 / All) beercraft: all straight tech both sides lmao
(08:09 / All) ThatKidFrom.CLE: I was in denver a couple weeks ago, they were talking about td celebrations on the radio, we were talking draft wr and qb
(08:10 / All) RG3-SUX-: pryor sure proved darwin was right
(08:14 / All) ThatKidFrom.CLE: like omg
(08:53 / All) ThatKidFrom.CLE: i hink pryor will be ok
(09:02 / All) ThatKidFrom.CLE: poor mans cam netwon
(09:13 / All) mass-peons: no Matt "moxie" Mcgloin baby
(09:19 / All) ThatKidFrom.CLE: hahahahah
(09:32 / Allies) mass-peons: osu fan?
(09:35 / All) ThatKidFrom.CLE: god
(09:36 / Allies) MASTA_K1LLA: take
(09:38 / Allies) MASTA_K1LLA: items red
(09:43 / Allies) mass-peons: penn stater here
(09:50 / All) ThatKidFrom.CLE: osu is so overrated
(09:53 / All) ThatKidFrom.CLE: i went to ou
(10:01 / Allies) mass-peons: hope they play bama
(10:10 / All) ThatKidFrom.CLE: me too, so they get crushed
(10:20 / Allies) mass-peons: wood plz
(10:21 / Allies) ThatKidFrom.CLE: help
(11:17 / Allies) MASTA_K1LLA: help
(11:18 / All) GreatGoblin: Yellow doesn't have wind walk? LOL
(11:35 / Allies) mass-peons: mk
(11:36 / Allies) mass-peons: now
(11:37 / Allies) mass-peons: now
(11:44 / All) RG3-SUX-: he apparnetly knows wc3 terminology
(11:50 / All) RG3-SUX-: he said he got raped
(12:05 / All) MASTA_K1LLA: 2vs1 lol
(12:21 / Allies) mass-peons: rofl and i had 4 rifles
(12:46 / All) mass-peons: bold prediction of the game
(12:49 / All) GreatGoblin: ZZzzZZZzzZZzzzZZZzzZZZzzzZZzz
(12:50 / All) mass-peons: seriously
(12:52 / All) RG3-SUX-: i recognize blues name
(12:52 / All) mass-peons: you will all lose
(13:35 / All) mass-peons: GOT HEEEEEM
(14:12 / Allies) mass-peons: mk
(14:37 / All) mass-peons: green
(14:39 / All) mass-peons: cancel expo now
(14:41 / All) mass-peons: NOW
(14:42 / All) mass-peons: NOW
(14:53 / Allies) MASTA_K1LLA: kill altar
(15:00 / Allies) MASTA_K1LLA: altar
(15:06 / All) RG3-SUX-: should have got burrow upgrades blue
(16:23 / Allies) mass-peons: fuck man sorry
(16:29 / All) RG3-SUX-: why the fuck is blues name familiar
(16:34 / All) RG3-SUX-: i seem to have kept a mental note o fit
(16:38 / All) MASTA_K1LLA: haha
(16:47 / All) MASTA_K1LLA: custom foots?
(16:56 / All) RG3-SUX-: 4v4 only
(17:08 / All) MASTA_K1LLA: played like a year ago last on this acc
(17:12 / All) GreatGoblin: I have mobile fountain of health and mana
(17:44 / All) mass-peons: purp get ready to tp.
(17:45 / All) mass-peons: :)
(18:12 / All) RG3-SUX-: that was fail lol
(18:24 / All) mass-peons: thats what i thought pussy
(19:27 / Allies) MASTA_K1LLA: red help?
(19:54 / All) RG3-SUX-: pro items on bm
(20:04 / All) mass-peons: so you thinki darkness is your ally?
(20:40 / All) RG3-SUX-: LOL
(20:47 / All) RG3-SUX-: "what keeps killing me in one shot" - purple
(20:55 / All) GreatGoblin: lol
(21:02 / All) mass-peons: maybe dont get such a shit hero
(21:09 / All) MASTA_K1LLA: what hero?
(21:10 / All) RG3-SUX-: no idea what he is referring to but gotsa be a bm
(21:15 / All) MASTA_K1LLA: haha
(21:27 / All) mass-peons: is he still lvl 2...
(21:37 / All) GreatGoblin: blue is expanding green's old base
(21:38 / All) beercraft: red hax
(21:41 / All) mass-peons: purp dont do ti
(22:31 / All) mass-peons: R0FO
(22:33 / All) mass-peons: ROFL
(22:42 / All) mass-peons: STAY FOR THE SHOW PURP
(23:31 / All) GreatGoblin: gay faery fire
(24:11 / Allies) MASTA_K1LLA: yo
(24:14 / All) beercraft: cant beleive never realized fairy fire can detect invis bm
(24:15 / Allies) MASTA_K1LLA: why u killinoj?
(24:23 / All) GreatGoblin: lawl
(24:25 / Allies) MASTA_K1LLA: wtf
(24:27 / Allies) mass-peons: bored
(24:30 / All) RG3-SUX-: a wise guy
(25:30 / Allies) MASTA_K1LLA: cmon
(25:41 / All) GreatGoblin: He stopped fighting LOL
(25:45 / 9) MASTA_K1LLA: reds tking
(25:46 / All) GreatGoblin: Did you give up?
(25:52 / All) RG3-SUX-: its me lol
(26:28 / All) RG3-SUX-: oh
(26:32 / All) RG3-SUX-: now that makes sense
(26:48 / All) mass-peons: thats a fast chieftan :O
(26:56 / All) GreatGoblin: did purple say anything
(26:59 / All) RG3-SUX-: and that's a dead chieftain
(27:12 / All) MASTA_K1LLA: where?
(27:12 / All) RG3-SUX-: purple didn't exactly make a whole lot of sense
(27:47 / All) mass-peons: comeon blu
(28:01 / All) MASTA_K1LLA: HAX
(28:02 / All) GreatGoblin: LOL
(28:03 / All) GreatGoblin: STOM<P
(28:21 / All) mass-peons: stomp a teammate
(28:22 / All) GreatGoblin: does it work against allies when they aren't tking you?|
(28:23 / All) GreatGoblin: No
(28:25 / All) RG3-SUX-: his stomp got me
(28:30 / All) GreatGoblin: Then why would you think it would work when they are?
(28:43 / All) MASTA_K1LLA: : (
(28:48 / All) GreatGoblin: Bad calibration there buddy
(28:57 / All) MASTA_K1LLA: lucky my aura works on u lol
(28:58 / All) RG3-SUX-: seirously blue
(29:03 / All) RG3-SUX-: let me google ur name ok?
(29:10 / All) MASTA_K1LLA: MASTA_K1LLA?
(29:12 / All) RG3-SUX-: i know
(29:15 / All) MASTA_K1LLA: dude
(29:16 / All) RG3-SUX-: we face du before
(29:19 / All) MASTA_K1LLA: this my 1st game
(29:21 / All) MASTA_K1LLA: in over a year
(29:31 / All) RG3-SUX-: same acct name?
(29:33 / All) MASTA_K1LLA: whats ur other name?
(29:37 / All) mass-peons: well sorry if we made you not like this game again
(29:46 / All) RG3-SUX-: masta_k1lla
(29:51 / All) MASTA_K1LLA: whats urz?
(29:52 / All) GreatGoblin: Too bad you can't go past level 10
(29:58 / All) RG3-SUX-: none just lvl 1's
(31:03 / All) RG3-SUX-: well
(31:06 / All) RG3-SUX-: we played a game with blue
(31:09 / All) RG3-SUX-: dec 2012
(31:13 / All) RG3-SUX-: let me copy paste some of his chat
(31:13 / All) MASTA_K1LLA: wtf lol
(31:45 / All) RG3-SUX-: (01:01 / Allies) MASTA_K1LLA: *gets the popcorn(01:26 / Allies) MASTA_K1LLA: ill go foots knights
(31:48 / All) RG3-SUX-: Nothing noteworthy
(31:51 / All) RG3-SUX-: let me find another
(31:55 / All) RG3-SUX-: we have an archive blue
(31:59 / Allies) MASTA_K1LLA: wait
(32:01 / Allies) MASTA_K1LLA: i sa
(32:02 / All) MASTA_K1LLA: wait
(32:03 / All) MASTA_K1LLA: i said that?
(32:08 / All) MASTA_K1LLA: that doesnt sound like me,,,
(32:25 / All) GreatGoblin: Sometimes it's like hearing yourself talk
(32:37 / All) GreatGoblin: A stranger's view of yourself
(32:43 / All) RG3-SUX-: u were in a legit game with me
(32:45 / All) RG3-SUX-: that we won
(32:46 / All) RG3-SUX-: on twilight
(32:51 / All) MASTA_K1LLA: nice
(32:53 / All) RG3-SUX-: (27:47 / All) MASTA_K1LLA: lol fucking bull shit(27:55 / All) MASTA_K1LLA: wind walked 30 secs b4 u killed me
(33:09 / All) MASTA_K1LLA: i was human?
(33:10 / All) MASTA_K1LLA: or orc?
(33:26 / All) GreatGoblin: You were but a dream, as life itself is
(33:32 / All) GreatGoblin: Everything and nothing
(33:37 / All) GreatGoblin: Closer and thus farther
(33:40 / All) RG3-SUX-: that's it
(33:42 / All) RG3-SUX-: u were orc
(33:44 / All) RG3-SUX-: solo bm
(33:47 / All) MASTA_K1LLA: haha
(33:48 / All) GreatGoblin: In the wise words of Nightsong Alexis (Self-styled)
(33:50 / All) MASTA_K1LLA: on this account?
(33:57 / All) RG3-SUX-: yes obviousy
(34:01 / All) MASTA_K1LLA: hmmm
(34:05 / All) RG3-SUX-: i copy pasted it w/ ur name
(34:12 / All) MASTA_K1LLA: how u find me ?
(34:14 / All) GreatGoblin: Are you familiar with the great Canadian Indian man that calls himself Obiwun?
(34:18 / All) RG3-SUX-: ctr + F
(34:22 / All) RG3-SUX-: 2012 oct
(34:38 / All) RG3-SUX-: highper.ch
(34:53 / All) RG3-SUX-: lol
(34:57 / All) RG3-SUX-: mk vs am battle ed
(34:58 / All) GreatGoblin: Who to lose?
(35:07 / All) RG3-SUX-: i truthfully dont care
(35:07 / All) mass-peons: i say purp
(35:09 / All) mass-peons: fuck purp
(35:20 / All) RG3-SUX-: im going to bed after this
(35:22 / All) mass-peons: oj has watched the browns lose enough
(35:26 / All) mass-peons: aka the clowns
(35:42 / All) GreatGoblin: Moogul the Sly
(35:49 / All) RG3-SUX-: u still got aim or trillian? we could just whisper u when we'r eon
(36:01 / All) mass-peons: i have. ill be on tomorrow
(36:04 / All) mass-peons: if yall are
(36:06 / All) RG3-SUX-: k
(36:09 / All) RG3-SUX-: im going to bed good work